 Dungeon Crawl Stone Soup version 0.20-a0-1078-g4874019 (webtiles) character file.

3003 Megalobster the Destroyer (level 9, -7/47 HPs)
             Began as a Deep Elf Conjurer on Apr 30, 2017.
             Was a Believer of Vehumet.
             Mangled by a purple ugly thing (15 damage)
             ... on level 7 of the Dungeon.
             The game lasted 00:31:08 (9417 turns).

Megalobster the Destroyer (Deep Elf Conjurer)       Turns: 9417, Time: 00:31:09

Health: -7/47      AC:  7    Str:  5    XL:     9   Next: 54%
Magic:  4/22       EV: 14    Int: 24    God:    Vehumet [**....]
Gold:   106        SH:  0    Dex: 15    Spells: 7/23 levels left

rFire    . . .     SeeInvis .   v - +2 dagger (holy)
rCold    . . .     Gourm    .   (no shield)
rNeg     . . .     Faith    .   a - +0 robe
rPois    .         Spirit   .   g - +2 helmet
rElec    .         Reflect  .   D - +0 cloak
rCorr    .         Harm     .   G - +0 pair of gloves
MR       .....                  (no boots)
Stlth    +.........             I - amulet of magic regeneration
Regen    0.2/turn               F - ring of loudness (curse)
MPRegen  0.3/turn               (no ring)

@: no status effects
A: no striking features
a: Renounce Religion


You were on level 7 of the Dungeon.
You worshipped Vehumet.
Vehumet was pleased with you.
You were not hungry.

You visited 2 branches of the dungeon, and saw 8 of its levels.

You collected 327 gold pieces.
You spent 221 gold pieces at shops.

Inventory:

Hand Weapons
 j - a +0 dagger
 v - a +2 dagger of holy wrath (weapon)
 y - a +0 blowgun
 O - the +4 trident of World's End {holy, rC+ MP+9 Str-5 Int+2}
   (You bought it in a shop on level 6 of the Dungeon)

   It has been blessed by the Shining One to cause great damage to the undead
   and demons.
   It affects your strength (-5).
   It affects your intelligence (+2).
   It protects you from cold.
   It affects your magic capacity (+9).
Missiles
 d - 229 stones (quivered)
 s - 41 sling bullets
 B - 51 poisoned needles
Armour
 a - a +0 robe (worn)
 g - a +2 helmet (worn)
 n - a +0 shield
 D - a +0 cloak (worn)
 G - a +0 pair of gloves (worn)
Jewellery
 F - a cursed ring of loudness (left hand)
 I - an amulet of magic regeneration (around neck)
Wands
 k - a wand of flame (34/48)
 p - a wand of enslavement (10/24)
 H - a wand of digging (8/24)
Scrolls
 e - 3 scrolls of amnesia
 h - a scroll of immolation {unknown}
 m - 3 scrolls of teleportation
 o - a scroll of fog {unknown}
 q - 3 scrolls of recharging
 t - 3 scrolls of remove curse
 u - a scroll of enchant weapon {unknown}
 K - a scroll of random uselessness {unknown}
 L - 3 scrolls of identify
Potions
 f - 2 potions of heal wounds {unknown}
 i - a potion of brilliance {unknown}
 r - a potion of lignification {unknown}
 w - 2 potions of magic
 x - a potion of mutation {unknown}
 z - 2 potions of resistance
 C - a potion of curing
 E - 2 potions of invisibility
 M - a potion of haste {unknown}
Books
 b - a book of Conjurations

   Spells                             Type                      Level
   a - Magic Dart                     Conjuration                  1
   b - Searing Ray                    Conjuration                  2
   c - Dazzling Spray                 Conjuration/Hexes            3
   d - Fulminant Prism                Conjuration/Hexes            4
   e - Force Lance                    Conjuration/Translocation    4
   f - Iskenderun's Mystic Blast      Conjuration                  4
 N - a book of Misfortune

   Spells                             Type                      Level
   a - Confusing Touch                Hexes                        1
   b - Confuse                        Hexes                        3
   c - Gell's Gravitas                Translocation                3
   d - Petrify                        Transmutation/Earth          4
   e - Metabolic Englaciation         Hexes/Ice                    5
   f - Yara's Violent Unravelling     Hexes/Transmutation          5
Comestibles
 c - 4 bread rations
 l - 2 meat rations
 A - 2 royal jellies
 J - a fruit


   Skills:
 + Level 1.3 Fighting
 * Level 4.1 Dodging
 - Level 2.4 Stealth
 + Level 4.0 Shields
 + Level 7.5 Spellcasting
 * Level 9.9 Conjurations
 - Level 6.2 Hexes
 - Level 4.2 Translocations
 * Level 2.0 Fire Magic


You had 7 spell levels left.
You knew the following spells:

 Your Spells              Type           Power        Failure   Level  Hunger
a - Magic Dart            Conj           ####         1%          1    None
b - Searing Ray           Conj           ######       1%          2    None
c - Iskenderun's Mystic   Conj           ######..     1%          4    ###....
d - Fulminant Prism       Conj/Hex       #####.....   2%          4    ###....
e - Force Lance           Conj/Tloc      #####...     3%          4    ###....
f - Flame Tongue          Conj/Fire      #####        1%          1    None


Dungeon Overview and Level Annotations

Branches:
Dungeon (7/15)             Temple (1/1) D:4

Altars:
Ashenzari
Cheibriados
Dithmenos
Elyvilon
Fedhas
Gozag
Hepliaklqana
Kikubaaqudgha
Makhleb
Nemelex Xobeh
Okawaru
Qazlal
Ru
Sif Muna
Trog
Uskayaw
Vehumet
Wu Jian
Xom
Yredelemnul
Zin
The Shining One

Shops:
D:6 (   D:7 *


Message History

Casting: Iskenderun's Mystic Blast
Confirm with . or Enter, or press ? or * to list all spells.
You don't have enough magic to cast that spell.
You hit the purple ugly thing.
The purple ugly thing is severely wounded.
The purple ugly thing tail-slaps you!
Casting: Iskenderun's Mystic Blast
Confirm with . or Enter, or press ? or * to list all spells.
You don't have enough magic to cast that spell.
The purple ugly thing tail-slaps you!
* * * LOW HITPOINT WARNING * * *
Evoke which item? (* to show all) (? for menu, Esc to quit)
Aiming: Throw Flame (will waste charges)
Press: ? - help, Shift-Dir - straight line, f/p - purple ugly thing
Aim: a purple ugly thing (severely wounded)
The puff of flame hits the purple ugly thing.
The purple ugly thing is severely wounded.
Evoking this partially-identified wand wasted a few charges.
The purple ugly thing tail-slaps you!
You die...

### #.#.#.#........#.# #..#..
#.....'########'.# #..###
#####............###..###
#...###..######...... # #...#
#.## #.#.##. #. #...# #.#
##.#.#.. #.##########...###.###
#....#.. ##...##.)...[.........##
#..###.. ...............u@......#
#....... #....##................#
#.......
#.###..######..)######.###..###..
#..#.#.# #...# #.##...# #..
#.#.##.# ##...## #.##.#.# ###
#...##.# #.....# #.##.#.#
#.#.##.# ##.###.# #.#....#
.......####..# #.# #......##
(##.....##...###.# #.......####


You could see a purple ugly thing.

Vanquished Creatures
  A troll (D:6)
  Eustachio (D:6)
  A soldier ant (D:5)
  2 orc warriors (D:6)
  2 ogres
  A necrophage (D:7)
  A phantom (D:7)
  4 centaurs
  Blork the orc (D:6)
  3 bullfrogs
  A scorpion (D:6)
  3 wights (D:7)
  A killer bee (D:5)
  2 crimson imps (D:7)
  A bullfrog zombie (D:6)
  5 hounds
  A centaur skeleton (D:5)
  4 orc priests
  4 orc wizards
  2 bullfrog skeletons
  14 worker ants
  A hound skeleton (D:7)
  A worker ant zombie (D:6)
  12 adders
  9 gnolls
  An adder skeleton (D:4)
  A worm (D:2)
  A dart slug (D:1)
  4 leopard geckos
  10 orcs
  9 bats
  7 giant cockroaches
  9 goblins
  9 hobgoblins
  10 jackals
  9 kobolds
  2 quokkas (D:4)
  2 ball pythons
  4 frilled lizards
  3 giant cockroach zombies
  A jackal zombie (D:6)
  A leopard gecko skeleton (D:5)
  5 rats
166 creatures vanquished.

Vanquished Creatures (others)
  23 fulminant prisms
23 creatures vanquished.

Grand Total: 189 creatures vanquished

Notes
Turn   | Place    | Note
-------+----------+-------------------------------------------
     0 | D:1      | Megalobster the Deep Elf Conjurer began the quest for the Orb.
     0 | D:1      | Reached XP level 1. HP: 10/10 MP: 6/6
   158 | D:1      | Reached XP level 2. HP: 15/15 MP: 2/8
   162 | D:1      | Learned a level 2 spell: Searing Ray
   409 | D:1      | Reached skill level 5 in Conjurations
   679 | D:1      | Reached XP level 3. HP: 19/19 MP: 1/10
  1570 | D:2      | Reached XP level 4. HP: 24/24 MP: 6/11
  1581 | D:2      | Learned a level 4 spell: Iskenderun's Mystic Blast
  1998 | D:3      | Learned a level 4 spell: Fulminant Prism
  2206 | D:3      | Reached skill level 6 in Conjurations
  2216 | D:3      | Reached skill level 1 in Hexes
  2261 | D:3      | Reached XP level 5. HP: 28/28 MP: 4/13
  3387 | D:4      | Found a bloodstained altar of Trog.
  3449 | D:4      | Found a staircase to the Ecumenical Temple.
  3462 | Temple   | Entered the Ecumenical Temple
  3564 | Temple   | Became a worshipper of Vehumet
  4462 | D:5      | Entered Level 5 of the Dungeon
  4565 | D:5      | Found a runed door.
  4571 | D:5      | Found a runed door.
  4571 | D:5      | Noticed a soldier ant
  4585 | D:5      | Reached skill level 1 in Shields
  4603 | D:5      | Reached XP level 6. HP: 13/32 MP: 7/15
  4972 | D:5      | Found a deep blue altar of Sif Muna.
  4983 | D:5      | Reached skill level 5 in Spellcasting
  4986 | D:5      | Reached skill level 7 in Conjurations
  5159 | D:5      | Learned a level 4 spell: Force Lance
  5405 | D:5      | Reached XP level 7. HP: 36/36 MP: 1/16
  5493 | D:5      | Reached skill level 1 in Translocations
  6130 | D:5      | Reached * piety under Vehumet
  6130 | D:5      | Offered knowledge of Sting by Vehumet.
  6130 | D:5      | Reached skill level 8 in Conjurations
  6307 | D:6      | Reached XP level 8. HP: 41/41 MP: 10/18
  6310 | D:6      | Reached skill level 5 in Hexes
  6442 | D:6      | Noticed Eustachio
  6762 | D:6      | Killed Eustachio
  6854 | D:6      | Found a shattered altar of Ashenzari.
  7045 | D:6      | Found Tailie Naps's Antique Weapon Shop.
  7052 | D:6      | Reached skill level 9 in Conjurations
  7342 | D:6      | Noticed Blork the orc
  7347 | D:6      | Killed Blork the orc
  7420 | D:6      | Noticed a troll
  7427 | D:6      | Killed a troll
  7427 | D:6      | Reached XP level 9. HP: 45/45 MP: 9/21
  7791 | D:6      | Bought an encrusted trident for 221 gold pieces
  7791 | D:6      | Lost strength.
  7791 | D:6      | Identified the +4 trident of World's End {holy, rC+ MP+9 Str-5 Int+2} (You bought it in a shop on level 6 of the Dungeon)
  8290 | D:7      | Offered knowledge of Flame Tongue by Vehumet.
  8293 | D:7      | Learned a level 1 spell: Flame Tongue
  8502 | D:7      | Reached ** piety under Vehumet
  8502 | D:7      | Reached skill level 1 in Fire Magic
  9027 | D:7      | Reached skill level 1 in Fighting
  9151 | D:7      | Found Cilurud's Assorted Antiques.
  9190 | D:7      | Found a burning altar of Makhleb.
  9211 | D:7      | Noticed a purple ugly thing
  9417 | D:7      | Mangled by a purple ugly thing

Vault maps used:
D:1:      dpeg_arrival_stone_temple_mockup, minmay_misc_feat_ornament
D:4:      temple_pool_b, first_bread, trog_hazing_becter
D:5:      lemuel_insect_pit, grunt_decor_cap, led_sif_pool
D:6:      serial_shops, shop_fountains, evilmike_ruin_ashenzari, uniq_eustachio,
          uniq_blork_the_orc
D:7:      lemuel_round_altar, serial_shops, kennysheep_mini, minivault_11
Temple:   kilobyte_greek_temple

Skill      XL: |  1  2  3  4  5  6  7  8  9 |
---------------+----------------------------+-----
Conjurations   | 5 6 7 8 9 |  9.9
Spellcasting   | 4 5 7 |  7.5
Hexes          | 1 2 3 4 6 |  6.2
Shields        | 1 2 3 4 |  4.0
Translocations | 2 4 |  4.2
Dodging        | 4 |  4.1
Fire Magic     | 2 |  2.0
Fighting       | 1 |  1.3
Stealth        | |  2.4

Action                   |  1- 3 |  4- 6 |  7- 9 || total
-------------------------+-------+-------+-------++-------
Melee: Dagger            |    19 |     2 |     6 ||    27
 Cast: Magic Dart        |    57 |    71 |    44 ||   172
       Searing Ray       |     3 |    18 |    24 ||    45
       Iskenderun's Myst |       |     7 |    22 ||    29
       Fulminant Prism   |       |     1 |    22 ||    23
       Force Lance       |       |       |    16 ||    16
Evoke: Wand              |       |       |     1 ||     1
  Use: Scroll            |       |       |     6 ||     6
       Potion            |       |       |     2 ||     2
  Eat: Chunk             |     2 |     8 |     3 ||    13
       Bread ration      |       |     1 |     2 ||     3
       Fruit             |       |       |     2 ||     2
       Meat ration       |       |       |     1 ||     1
Armor: Robe              |    10 |     5 |    18 ||    33
Dodge: Dodged            |    28 |    25 |    31 ||    84
